| TOP OF THE 1ST |
|
Cleveland Guardians batting - Pitching for Oakland Athletics : RHP Franklin Rojas
|
|
Pitching: RHP Franklin Rojas
|
|
|
Batting: LHB Arvin Dungca
|
0-0: Ball 1-0: Ball 2-0: Ball 3-0: Base on Balls
|
|
Batting: RHB Jasper Burd
|
0-0: Called Strike 0-1: Ball 1-1: Swinging Strike 1-2: Strikes out looking
|
|
Batting: RHB Nick Ogle
|
0-0: Called Strike 0-1: Ball 1-1: Ball 2-1: Called Strike 2-2: Ball 3-2: Strikes out looking Arvin Dungca steals 2nd base Batter strikes out.
|
|
Batting: RHB Christian Blue
|
0-0: Ground out 3-1 (Groundball, 34, EV 96.9 MPH)
|
| Top of the 1st over - 0 runs, 0 hits, 0 errors, 1 left on base; Cleveland 0 - Oakland 0 |
| BOTTOM OF THE 1ST |
|
Oakland Athletics batting - Pitching for Cleveland Guardians : RHP Ben Cole
|
|
Pitching: RHP Ben Cole
|
|
|
Batting: RHB Muneo Kawachi
|
0-0: Ball 1-0: Foul Ball, location: 2F 1-1: Foul Ball, location: 2F 1-2: Ball 2-2: Foul Ball, location: 2F 2-2: Ball 3-2: Base on Balls
|
|
Batting: RHB C.J. Beavers
|
0-0: Ball 1-0: Ball 2-0: Ball 3-0: Called Strike 3-1: Base on Balls Muneo Kawachi to second
|
|
Batting: RHB Randy Shrewsbury
|
0-0: Grounds into double play, U6-3 (Groundball, 4M, EV 83.8 MPH) Muneo Kawachi to third
|
|
Batting: SHB Quincy Bradford
|
0-0: Called Strike 0-1: Ball 1-1: Swinging Strike 1-2: Foul Ball, location: 2F 1-2: SINGLE (Flyball, 9LS, EV 94.4 MPH) Muneo Kawachi scores
|
|
Batting: LHB Tom Butterbaugh
|
0-0: Ball 1-0: Ground out 4-3 (Groundball, 34S, EV 85.0 MPH)
|
| Bottom of the 1st over - 1 run, 1 hit, 0 errors, 1 left on base; Cleveland 0 - Oakland 1 |
| TOP OF THE 2ND |
|
Cleveland Guardians batting - Pitching for Oakland Athletics : RHP Franklin Rojas
|
|
Batting: SHB Pete Barutha
|
0-0: Swinging Strike 0-1: Ball 1-1: Called Strike 1-2: Strikes out looking
|
|
Batting: LHB John Harring
|
0-0: Ball 1-0: Foul Ball, location: 2F 1-1: Called Strike 1-2: Ball 2-2: Ball 3-2: Ground out 6-3 (Groundball, 6, EV 90.6 MPH)
|
|
Batting: RHB Nick Sharp
|
0-0: Called Strike 0-1: Ball 1-1: Foul Ball, location: 2F 1-2: Foul Ball, location: 2F 1-2: Foul Ball, location: 2F 1-2: Ball 2-2: Ball 3-2: SINGLE (Groundball, 6M, EV 95.6 MPH) (infield hit)
|
|
Batting: RHB Rick O'Reilly
|
0-0: Fielders Choice at 2nd, 6-4 (Groundball, 6, EV 103.8 MPH)
|
| Top of the 2nd over - 0 runs, 1 hit, 0 errors, 1 left on base; Cleveland 0 - Oakland 1 |
| BOTTOM OF THE 2ND |
|
Oakland Athletics batting - Pitching for Cleveland Guardians : RHP Ben Cole
|
|
Batting: RHB Tommy Baird
|
0-0: Called Strike 0-1: Ball 1-1: Foul Ball, location: 2F 1-2: Foul Ball, location: 2F 1-2: Foul Ball, location: 2F 1-2: Ground out 4-3 (Groundball, 4, EV 84.4 MPH)
|
|
Batting: SHB D.J. Codd
|
0-0: Ball 1-0: Foul Ball, location: 2F 1-1: Swinging Strike 1-2: Strikes out looking
|
|
Batting: RHB Nick Gentzel
|
0-0: Reached on error, E4 (Groundball, 4D, EV 100.6 MPH)
|
|
Batting: LHB Al Hernandez
|
0-0: Called Strike 0-1: Ball 1-1: Foul Ball, location: 2F 1-2: Ball 2-2: Ball 3-2: Base on Balls
|
|
Batting: RHB Muneo Kawachi
|
0-0: Ball 1-0: Swinging Strike 1-1: Swinging Strike 1-2: Strikes out swinging
|
| Bottom of the 2nd over - 0 runs, 0 hits, 1 error, 2 left on base; Cleveland 0 - Oakland 1 |
| TOP OF THE 3RD |
|
Cleveland Guardians batting - Pitching for Oakland Athletics : RHP Franklin Rojas
|
|
Batting: RHB Aaron Matthews
|
0-0: Ball 1-0: Foul Ball, location: 2F 1-1: Ground out 6-3 (Groundball, 6, EV 86.2 MPH)
|
|
Batting: LHB Arvin Dungca
|
0-0: Ball 1-0: Foul Ball, location: 2F 1-1: Foul Ball, location: 2F 1-2: Ground out 6-3 (Groundball, 6, EV 81.9 MPH)
|
|
Batting: RHB Jasper Burd
|
0-0: Ball 1-0: Foul Ball, location: 2F 1-1: Ball 2-1: Swinging Strike 2-2: Foul Ball, location: 2F 2-2: Hit by Pitch
|
|
Batting: RHB Nick Ogle
|
0-0: Ball Jasper Burd steals 2nd base (no throw) 1-0: Swinging Strike 1-1: Foul Ball, location: 2F 1-2: Strikes out swinging
|
| Top of the 3rd over - 0 runs, 0 hits, 0 errors, 1 left on base; Cleveland 0 - Oakland 1 |
| BOTTOM OF THE 3RD |
|
Oakland Athletics batting - Pitching for Cleveland Guardians : RHP Ben Cole
|
|
Batting: RHB C.J. Beavers
|
0-0: Called Strike 0-1: Swinging Strike 0-2: Strikes out swinging
|
|
Batting: RHB Randy Shrewsbury
|
0-0: Ball 1-0: Called Strike 1-1: Called Strike 1-2: Ball 2-2: Foul Ball, location: 2F 2-2: Ball 3-2: DOUBLE (Line Drive, 7LS, EV 93.1 MPH)
|
|
Batting: SHB Quincy Bradford
|
0-0: Ball 1-0: Ball 2-0: Ball 3-0: Fly out, F7 (Flyball, 78M, EV 72.5 MPH)
|
|
Batting: LHB Tom Butterbaugh
|
0-0: Called Strike 0-1: Ball 1-1: Swinging Strike 1-2: Ball 2-2: Strikes out swinging
|
| Bottom of the 3rd over - 0 runs, 1 hit, 0 errors, 1 left on base; Cleveland 0 - Oakland 1 |
| TOP OF THE 4TH |
|
Cleveland Guardians batting - Pitching for Oakland Athletics : RHP Franklin Rojas
|
|
Batting: RHB Christian Blue
|
0-0: Foul Ball, location: 2F 0-1: Ball 1-1: Ball 2-1: Foul Ball, location: 2F 2-2: Strikes out swinging
|
|
Batting: SHB Pete Barutha
|
0-0: Called Strike 0-1: Ball 1-1: Ball 2-1: Foul Ball, location: 2F 2-2: SINGLE (Groundball, 4MD, EV 102.5 MPH)
|
|
Batting: LHB John Harring
|
0-0: Ball 1-0: Fielders Choice at 2nd, 4-6 (Groundball, 34, EV 84.4 MPH)
|
|
Batting: RHB Nick Sharp
|
0-0: Fielders Choice at 2nd, 6-4 (Groundball, 6, EV 86.2 MPH)
|
| Top of the 4th over - 0 runs, 1 hit, 0 errors, 1 left on base; Cleveland 0 - Oakland 1 |
| BOTTOM OF THE 4TH |
|
Oakland Athletics batting - Pitching for Cleveland Guardians : RHP Ben Cole
|
|
Batting: RHB Tommy Baird
|
0-0: Called Strike 0-1: Ball 1-1: Foul Ball, location: 2F 1-2: Strikes out looking
|
|
Batting: SHB D.J. Codd
|
0-0: Called Strike 0-1: Called Strike 0-2: Foul Ball, location: 2F 0-2: Ball 1-2: Ball 2-2: Strikes out swinging
|
|
Batting: RHB Nick Gentzel
|
0-0: Ball 1-0: Ball 2-0: Ball 3-0: Called Strike 3-1: Swinging Strike 3-2: Base on Balls
|
|
Batting: LHB Al Hernandez
|
0-0: Ball 1-0: Fly out, F7 (Flyball, 7D, EV 106.9 MPH)
|
| Bottom of the 4th over - 0 runs, 0 hits, 0 errors, 1 left on base; Cleveland 0 - Oakland 1 |
| TOP OF THE 5TH |
|
Cleveland Guardians batting - Pitching for Oakland Athletics : RHP Franklin Rojas
|
|
Batting: RHB Rick O'Reilly
|
0-0: Ball 1-0: Called Strike 1-1: Fly out, F9 (Flyball, 9D, EV 99.4 MPH)
|
|
Batting: RHB Aaron Matthews
|
0-0: Ball 1-0: Ball 2-0: Swinging Strike 2-1: Ground out 6-3 (Groundball, 6, EV 106.2 MPH)
|
|
Batting: LHB Arvin Dungca
|
0-0: Called Strike 0-1: Ball 1-1: Fly out, F5 (Popup, 6S, EV 78.8 MPH)
|
| Top of the 5th over - 0 runs, 0 hits, 0 errors, 0 left on base; Cleveland 0 - Oakland 1 |
| BOTTOM OF THE 5TH |
|
Oakland Athletics batting - Pitching for Cleveland Guardians : RHP Ben Cole
|
|
Batting: RHB Muneo Kawachi
|
0-0: Ball 1-0: Ball 2-0: Ball 3-0: Base on Balls
|
|
Batting: RHB C.J. Beavers
|
0-0: Called Strike 0-1: Grounds into double play, 6-4-3 (Groundball, 6, EV 79.4 MPH)
|
|
Batting: RHB Randy Shrewsbury
|
0-0: Ball 1-0: Ball 2-0: Ground out 4-3 (Groundball, 4, EV 101.2 MPH)
|
| Bottom of the 5th over - 0 runs, 0 hits, 0 errors, 0 left on base; Cleveland 0 - Oakland 1 |
| TOP OF THE 6TH |
|
Cleveland Guardians batting - Pitching for Oakland Athletics : RHP Franklin Rojas
|
|
Batting: RHB Jasper Burd
|
0-0: Ball 1-0: Called Strike 1-1: Ball 2-1: Foul Ball, location: 2F 2-2: Ball 3-2: Fly out, F9 (Flyball, 9, EV 93.1 MPH)
|
|
Batting: RHB Nick Ogle
|
0-0: Ball 1-0: SINGLE (Line Drive, 6M, EV 107.5 MPH)
|
|
Batting: RHB Christian Blue
|
0-0: Called Strike 0-1: Called Strike 0-2: Strikes out swinging
|
|
Batting: SHB Pete Barutha
|
0-0: Foul Ball, location: 2F 0-1: Swinging Strike 0-2: Ball 1-2: Strikes out swinging
|
| Top of the 6th over - 0 runs, 1 hit, 0 errors, 1 left on base; Cleveland 0 - Oakland 1 |
| BOTTOM OF THE 6TH |
|
Oakland Athletics batting - Pitching for Cleveland Guardians : RHP Ben Cole
|
|
Batting: SHB Quincy Bradford
|
0-0: Swinging Strike 0-1: Ball 1-1: Ball 2-1: Ball 3-1: SINGLE (Line Drive, 3L, EV 93.8 MPH)
|
|
Batting: LHB Tom Butterbaugh
|
0-0: Ball 1-0: Foul Ball, location: 2F 1-1: Swinging Strike 1-2: Ball 2-2: Grounds into double play, 4-6-3 (Groundball, 4D, EV 78.1 MPH)
|
|
Batting: RHB Tommy Baird
|
0-0: Called Strike 0-1: Ball 1-1: Ball 2-1: Ball 3-1: Called Strike 3-2: Strikes out swinging
|
| Bottom of the 6th over - 0 runs, 1 hit, 0 errors, 0 left on base; Cleveland 0 - Oakland 1 |
| TOP OF THE 7TH |
|
Cleveland Guardians batting - Pitching for Oakland Athletics : RHP Franklin Rojas
|
|
Batting: LHB John Harring
|
0-0: Ground out 5-3 (Groundball, 56, EV 106.2 MPH)
|
|
Batting: RHB Nick Sharp
|
0-0: Ball 1-0: Foul Ball, location: 2F 1-1: Foul Ball, location: 2F 1-2: Reached on error, E6 (Groundball, 6, EV 78.8 MPH)
|
|
Pinch Hitting: LHB Brent Albertson
|
0-0: Called Strike 0-1: Called Strike 0-2: Strikes out swinging
|
|
Batting: RHB Aaron Matthews
|
0-0: Ball 1-0: Ground out 5-3 (Groundball, 56S, EV 76.9 MPH)
|
| Top of the 7th over - 0 runs, 0 hits, 1 error, 1 left on base; Cleveland 0 - Oakland 1 |
| BOTTOM OF THE 7TH |
|
Oakland Athletics batting - Pitching for Cleveland Guardians : RHP Ben Cole
|
|
Pitching: RHP Dennis Beals
|
|
|
Now in RF: Brent Albertson
|
|
|
Batting: SHB D.J. Codd
|
0-0: Foul Ball, location: 2F 0-1: Foul Ball, location: 2F 0-2: Foul Ball, location: 2F 0-2: Ball 1-2: Strikes out swinging
|
|
Batting: RHB Nick Gentzel
|
0-0: Ball 1-0: Ground out 4-3 (Groundball, 4, EV 87.5 MPH)
|
|
Batting: LHB Al Hernandez
|
0-0: Called Strike 0-1: Ball 1-1: SINGLE (Groundball, 4D, EV 110.0 MPH)
|
|
Batting: RHB Muneo Kawachi
|
0-0: Ball 1-0: Ball 2-0: Ball 3-0: Called Strike 3-1: Ground out 4-3 (Groundball, 34, EV 108.8 MPH)
|
| Bottom of the 7th over - 0 runs, 1 hit, 0 errors, 1 left on base; Cleveland 0 - Oakland 1 |
| TOP OF THE 8TH |
|
Cleveland Guardians batting - Pitching for Oakland Athletics : RHP Franklin Rojas
|
|
Pitching: LHP David James
|
|
|
Batting: LHB Arvin Dungca
|
0-0: Foul Ball, location: 2F 0-1: Foul Ball, location: 2F 0-2: Ball 1-2: Ball 2-2: Fly out, F8 (Flyball, 8LM, EV 81.2 MPH)
|
|
Pitching: RHP Germano Nunes
|
|
|
Batting: RHB Jasper Burd
|
0-0: Ball 1-0: Fly out, F7 (Line Drive, 7LM, EV 103.8 MPH)
|
|
Batting: RHB Nick Ogle
|
0-0: Fly out, F9 (Flyball, 9D, EV 81.9 MPH)
|
| Top of the 8th over - 0 runs, 0 hits, 0 errors, 0 left on base; Cleveland 0 - Oakland 1 |
| BOTTOM OF THE 8TH |
|
Oakland Athletics batting - Pitching for Cleveland Guardians : RHP Dennis Beals
|
|
Batting: RHB C.J. Beavers
|
0-0: Ball 1-0: Called Strike 1-1: Fly out, F7 (Flyball, 7D, EV 101.2 MPH)
|
|
Batting: RHB Randy Shrewsbury
|
0-0: Ball 1-0: Ball 2-0: Ball 3-0: DOUBLE (Line Drive, 78M, EV 99.4 MPH)
|
|
Batting: SHB Quincy Bradford
|
0-0: Foul Ball, location: 2F 0-1: Foul Ball, location: 2F 0-2: Ball 1-2: Foul Ball, location: 2F 1-2: Ball 2-2: Ball 3-2: Foul Ball, location: 2F 3-2: SINGLE (Groundball, 6D, EV 95.0 MPH) Randy Shrewsbury to third Runner from 3rd tries for Home, SAFE, throw by CF to home
|
|
Batting: LHB Tom Butterbaugh
|
0-0: Ball 1-0: Ball 2-0: Called Strike 2-1: Grounds into double play, 3-6-3 (Groundball, 3, EV 99.4 MPH)
|
| Bottom of the 8th over - 1 run, 2 hits, 0 errors, 0 left on base; Cleveland 0 - Oakland 2 |
| TOP OF THE 9TH |
|
Cleveland Guardians batting - Pitching for Oakland Athletics : RHP Germano Nunes
|
|
Batting: RHB Christian Blue
|
0-0: Fly out, F8 (Flyball, 78M, EV 90.0 MPH)
|
|
Batting: SHB Pete Barutha
|
0-0: Called Strike 0-1: Ball 1-1: Ball 2-1: Called Strike 2-2: Strikes out swinging
|
|
Batting: LHB John Harring
|
0-0: Called Strike 0-1: SINGLE (Line Drive, 78M, EV 98.8 MPH)
|
|
Batting: RHB Nick Sharp
|
|
|
Pinch Hitting: LHB Hector Pedroso
|
0-0: Foul Ball, location: 2F 0-1: Called Strike 0-2: Ball 1-2: Strikes out swinging
|
| Top of the 9th over - 0 runs, 1 hit, 0 errors, 1 left on base; Cleveland 0 - Oakland 2 |
|